 Dungeon Crawl Stone Soup version 0.19.0-2-gae57169 (webtiles) character file.

242 Leibowitz the Skirmisher (level 5, -4/46 HPs)
             Began as a Demigod Fighter on Nov 5, 2016.
             Killed by divine providence
             ... invoked by an orc priest
              (10 damage)
             ... on level 4 of the Dungeon.
             The game lasted 00:08:12 (3089 turns).

Leibowitz the Skirmisher (Demigod Fighter)          Turns: 3089, Time: 00:08:14

Health: -4/46      AC: 12    Str: 21 (24) XL:     5   Next: 52%
Magic:  7/7        EV:  6    Int: 19 (21) God:
Gold:   153        SH:  9    Dex: 14 (17) Spells: 0 memorised, 4 levels left

rFire  . . .     SeeInvis .     a - +0 trident
rCold  + . .     Gourm    .     l - +2 chain mail {rC+}
rNeg   . . .     Faith    .     c - +0 shield
rPois  .         Spirit   .     (no helmet)
rElec  .         Reflect  .     (no cloak)
rCorr  .         Harm     .     t - +0 pair of gloves
MR     .....                    (no boots)
Stlth  ..........               z - amulet of regeneration
                                (no ring)
                                n - +4 ring of intelligence

@: mighty, brilliant, flying
A: high mp 1
a: no special abilities


You were on level 4 of the Dungeon.
You were not hungry.

You visited 1 branch of the dungeon, and saw 4 of its levels.

You collected 153 gold pieces.

Inventory:

Hand Weapons
 a - a +0 trident (weapon)
Missiles
 g - 3 needles of confusion
 x - 7 javelins (quivered)
Armour
 c - a +0 shield (worn)
 l - a +2 chain mail of cold resistance (worn)
 t - a +0 pair of gloves (worn)
Jewellery
 n - a +4 ring of intelligence (left hand)
 z - an amulet of regeneration (around neck)
Scrolls
 e - a scroll of enchant armour {unknown}
 i - 5 scrolls of identify {unknown}
 k - 2 scrolls of remove curse {unknown}
 m - a scroll of noise {unknown}
 p - a scroll of random uselessness {unknown}
 u - 2 scrolls of fear {unknown}
 w - a scroll of recharging {unknown}
 y - a scroll of magic mapping {unknown}
Potions
 h - a potion of degeneration
 q - 3 potions of brilliance
 r - a potion of agility {unknown}
 v - a potion of mutation {unknown}
 A - a potion of ambrosia {unknown}
Comestibles
 b - 6 fruits
 f - 4 bread rations
 j - a beef jerky
 s - a meat ration
 B - 2 chunks of flesh


   Skills:
 + Level 3.6 Fighting
 + Level 3.5 Polearms
 + Level 0.1 Throwing
 + Level 3.4 Armour
 + Level 1.0 Dodging
 + Level 0.2 Stealth
 + Level 3.4 Shields


You had 4 spell levels left.
You didn't know any spells.

Dungeon Overview and Level Annotations

Branches:
Dungeon (4/15)
 Temple: D:4-7


Innate Abilities, Weirdness & Mutations

You have an increased reservoir of magic. (+10% MP)


Message History

You block the quokka's attack. You block the orc's attack.
The orc hits you with a hand axe.
* * * LOW HITPOINT WARNING * * *
You block the quokka's attack. You block the orc priest's attack.
The orc closely misses you. The orc hits you with a hand axe.
* * * LOW HITPOINT WARNING * * *
It was a potion of degeneration.
There was something very wrong with that liquid.
You feel weakened.
You feel dopey.
You feel clumsy. You block the quokka's attack.
The orc hits you but does no damage.
The orc priest hits you but does no damage.
The orc hits you but does no damage.
It was a potion of flight.
You feel very buoyant.
You fly up into the air.
You block the quokka's attack. You block the orc's attack.
The quokka bites you but does no damage.
The orc priest mumbles some strange prayers to Beogh against you.
Beogh smites you!
You die...

### #<# #.# #.# #####.#
.....# #####..##
#ooo....#########
#.#@o...........# #####
#o#r............#
......#'#o............#
......o...............#
......o...............#
......................#
.............#####'####
...........).+ #.#
##...........# #.#


You could see 2 orc priests, 3 orcs and a quokka.

Vanquished Creatures
  Blork the orc (D:4)
  A hound (D:3)
  Terence (D:2)
  A worker ant (D:4)
  3 adders
  An ooze (D:1)
  A worm (D:2)
  2 dart slugs
  2 leopard geckos
  An orc (D:3)
  5 giant cockroaches
  6 goblins
  4 hobgoblins
  6 jackals (D:1)
  6 kobolds
  A quokka (D:2)
  A ball python (D:1)
  9 bats
  7 frilled lizards
  4 rats
63 creatures vanquished.

Notes
Turn   | Place    | Note
-------+----------+-------------------------------------------
     0 | D:1      | Leibowitz the Demigod Fighter began the quest for the Orb.
     0 | D:1      | Reached XP level 1. HP: 18/18 MP: 3/3
   131 | D:1      | Reached XP level 2. HP: 26/26 MP: 4/4
   511 | D:1      | Reached XP level 3. HP: 31/31 MP: 5/5
  1068 | D:2      | Noticed Terence
  1088 | D:2      | Killed Terence
  1141 | D:2      | Reached XP level 4. HP: 20/38 MP: 6/6
  1454 | D:2      | Found a shattered altar of Ashenzari.
  1532 | D:2      | Found a faded altar of an unknown god.
  1532 | D:2      | Found a faded altar of an unknown god.
  1537 | D:2      | Found a hazy altar of Hepliaklqana.
  1539 | D:2      | Found a faded altar of an unknown god.
  1540 | D:2      | Found a faded altar of an unknown god.
  1633 | D:2      | Found a white marble altar of Elyvilon.
  2573 | D:3      | Found a sacrificial altar of Ru.
  2888 | D:4      | Reached XP level 5. HP: 45/45 MP: 7/7
  2920 | D:4      | Noticed Blork the orc
  2951 | D:4      | Killed Blork the orc
  2951 | D:4      | Reached skill level 1 in Dodging
  3089 | D:4      | Killed from afar by an orc priest

Skill      XL: |  1  2  3  4  5 |
---------------+----------------+-----
Fighting       | 3 |  3.6
Shields        | 3 |  3.4
Armour         | 3 |  3.4
Polearms       | 2 3 |  3.5
Dodging        | 1 |  1.0
Throwing       | |  0.1
Stealth        | |  0.2

Action                   |  1- 3 |  4- 6 || total
-------------------------+-------+-------++-------
Melee: Trident           |   147 |   127 ||   274
Throw: Javelin           |       |     3 ||     3
  Use: Potion            |       |     4 ||     4
  Eat: Chunk             |     1 |     6 ||     7
Armor: Scale mail        |    39 |       ||    39
       Chain mail        |    29 |    61 ||    90
Dodge: Dodged            |    46 |    21 ||    67
Block: Shield            |    60 |    71 ||   131
